 Dungeon Crawl Stone Soup version 0.28.0-1-gb440e238dd (webtiles) character file.

Game seed: 14004534337723067933

10195 funkygono the Thaumaturge (level 11, 0/56 HPs)
             Began as a Gargoyle Fire Elementalist on Feb 21, 2022.
             Was a Believer of Vehumet.
             Killed from afar by a hellion (34 damage)
             ... with damnation
             ... on level 2 of the Abyss on Feb 24, 2022.
             The game lasted 00:30:56 (13635 turns).

funkygono the Thaumaturge (GrFE)                   Turns: 13635, Time: 00:30:57

Health: 0/56       AC: 20    Str: 12    XL:     11   Next: 58%
Magic:  26/26      EV: 11    Int: 20    God:    Vehumet [**....]
Gold:   838        SH:  0    Dex: 10    Spells: 18/32 levels left

rFire   . . .      SeeInvis .   q - +1 whip
rCold   . . .      Faith    .   (no shield)
rNeg    + . .      Spirit   .   y - +0 acid dragon scales
rPois   ∞          Reflect  .   w - +0 helmet
rElec   +          Harm     .   k - +0 cloak
rCorr   +          Rampage  .   p - +0 pair of gloves
Will    .....                   v - +2 pair of boots
Stlth   +.........              (no amulet)
HPRegen 0.18/turn               b - ring of resist corrosion
MPRegen 0.20/turn               e - ring of flight

@: flying
A: sickness immunity, AC +8, negative energy resistance 1, electricity
resistance, torment resistance 1, petrification resistance
a: Renounce Religion


You were on level 2 of the Abyss.
You worshipped Vehumet.
Vehumet was pleased with you.
You visited 2 branches of the dungeon, and saw 11 of its levels.
You visited the Abyss 1 time.

You collected 838 gold pieces.

Inventory:

Hand Weapons
 a - a +2 quarterstaff of chaos
 o - the +6 rapier "Blob" {spect, rC+ Int+3}
   (You found it on level 6 of the Dungeon)

   When its wielder attacks, the weapon's spirit leaps out and strikes again.
   The spirit shares a part of any damage it takes with its wielder.
   Int:       It affects your intelligence (+3).
   rC:        It protects you from cold.
 q - a +1 whip (weapon)
 t - a +0 mace
Missiles
 i - 232 stones
Armour
 k - a +0 cloak (worn)
 n - a +2 scale mail of cold resistance
 p - a +0 pair of gloves (worn)
 v - a +2 pair of boots (worn)
 w - a +0 helmet (worn)
 x - the +3 scale mail of Siysk {rF- rN+ Str+2 Int+3}
   (You found it on level 5 of the Dungeon)

   Str:       It affects your strength (+2).
   Int:       It affects your intelligence (+3).
   rF:        It makes you vulnerable to fire.
   rN:        It protects you from negative energy.
 y - +0 acid dragon scales (worn)
 C - a +2 leather armour of poison resistance
 E - a +2 robe of willpower
 H - the +0 robe of Arhifet {Harm rN++ Will- Stlth+}
   (You found it on level 10 of the Dungeon)

   rN:        It greatly protects you from negative energy.
   Harm:      It increases damage dealt and taken.
   Will:      It decreases your willpower.
   Stlth:     It makes you more stealthy.
 I - a +0 troll leather armour
 K - a +1 robe of the Archmagi
Magical Staves
 s - a staff of conjuration
Jewellery
 b - a ring of resist corrosion (left hand)
 e - a ring of flight (right hand)
 B - a +6 ring of dexterity
Wands
 g - a wand of iceblast (4)
 L - a wand of polymorph (6)
Scrolls
 h - 2 scrolls of teleportation
 j - a scroll of fear
 G - a scroll of blinking
Potions
 c - 2 potions of lignification
 d - 2 potions of heal wounds
 f - 3 potions of flight
 l - a potion of magic
 m - 4 potions of curing
 r - a potion of haste
 u - 2 potions of berserk rage
 z - a potion of resistance {unknown}
 A - 3 potions of brilliance
 D - a potion of attraction {unknown}
 F - a potion of ambrosia {unknown}


   Skills:
 + Level 1.4 Fighting
 + Level 1.1 Maces & Flails
 + Level 1.4 Armour
 + Level 3.0 Dodging
 - Level 2.1 Stealth
 * Level 11.3 Spellcasting
 * Level 8.2 Conjurations
 * Level 10.7 Fire Magic


You had 18 spell levels left.
You knew the following spells:

 Your Spells              Type           Power      Damage    Failure   Level
a - Foxfire               Conj/Fire      100%       2x1d9     1%          1
b - Scorch                Fire           100%       2d10      1%          2
c - Conjure Flame         Conj/Fire      49%        6-21      1%          3
d - Flame Wave            Conj/Fire      49%        2d10      1%          4
e - Sticky Flame          Conj/Fire      49%        2d7       1%          4

Your spell library contained the following spells:

 Spells                   Type           Power      Damage    Failure   Level
 Shock                    Conj/Air       100%       1d9       1%          1
 Magic Dart               Conj           100%       1d8       1%          1
 Static Discharge         Conj/Air       27%        N/A       2%          2
 Inner Flame              Hex/Fire       32%        N/A       3%          3
 Ignite Poison            Fire/Tmut/Pois 25%        N/A       6%          3
 Mephitic Cloud           Conj/Pois/Air  22%        N/A       9%          3
 Animate Skeleton         Necr           22%        N/A       10%         1
 Pain                     Necr           44%        1d6       10%         1
 Summon Small Mammal      Summ           44%        N/A       10%         1
 Call Imp                 Summ           11%        N/A       14%         2
 Call Canine Familiar     Summ           11%        N/A       28%         3
 Gell's Gravitas          Tloc           11%        N/A       28%         3
 Summon Guardian Golem    Hex/Summ       11%        N/A       28%         3
 Teleport Other           Tloc           11%        N/A       28%         3
 Vampiric Draining        Necr           11%        2d6       28%         3
 Dispel Undead            Necr           11%        3d9       67%         4
 Dispersal                Tloc           5%         N/A       100%        6


Dungeon Overview and Level Annotations

Branches:
Dungeon (10/15)            Temple (1/1) D:7            Lair (0/6) D:9
    Orc: D:9-12

Altars:
Ashenzari
Cheibriados
Dithmenos
Elyvilon
Fedhas
Gozag
Hepliaklqana
Kikubaaqudgha
Makhleb
Nemelex Xobeh
Okawaru
Qazlal
Ru
Sif Muna
Trog
Uskayaw
Vehumet
Wu Jian
Xom
Yredelemnul
Zin
The Shining One

Shops:
D:2 *   D:3 (   D:8 [?

Annotations:
D:10 Erolcha


Innate Abilities, Weirdness & Mutations

You are immune to sickness and miasma.
Your stone body is resilient. (AC +8)
You are immune to poison.
You resist negative energy. (rN+)
You are resistant to electric shocks. (rElec)
You are resistant to unholy torment.
You are immune to petrification.


Message History

The small abomination hits you but does no damage.
The golden eye blinks at you.
You easily resist.
The ufetubus hits you but does no damage.
The ufetubus barely misses you. The golden eye blinks at you.
You are more confused.
The ufetubus hits you but does no damage.
The ufetubus closely misses you.
You bump into the stone wall.
The ufetubus misses you. The ufetubus closely misses you. x2
The ufetubus hits you but does no damage.
You bump into the metal wall.
The ufetubus hits you but does no damage. x2
Unknown command.
The ufetubus hits you but does no damage. x2
You bump into the stone wall.
The ufetubus closely misses you.
The ufetubus hits you but does no damage.
You feel less confused. The ufetubus barely misses you.
The ufetubus closely misses you. The ufetubus barely misses you. x2
The ufetubus hits you but does no damage. x2
The ufetubus barely misses you. x2
The ufetubus barely misses you. The ufetubus closely misses you.
A hellion comes into view.
The ufetubus barely misses you. The ufetubus closely misses you.
The hellion gives a hideous shriek!
You barely miss the hellion.
The hellion hits you but does no damage.
The ufetubus hits you but does no damage.
The ufetubus closely misses you.
The hellion hits you but does no damage.
Unknown command.
You closely miss the ufetubus.
The ufetubus hits you but does no damage.
The ufetubus closely misses you. The hellion gestures at you.
The sphere of damnation explodes!
The damnation engulfs you!!
Ouch! That really hurt!
You die...

#...###
....#G .#
.### #x.#
#.....##
....#.#.###
###. ##5.#
. ##.#..#.#
..#..#5####
. .
.##55@.#
#..#
.#..##2# .
# ##.#.# .#
#.#### #.
#.# ## ##


You could see a hellion and 3 ufetubi.

Vanquished Creatures
  A hydra (D:7)
  A two-headed ogre (D:9)
  Joseph (D:7)
  A gargoyle (D:8)
  Psyche (D:9)
  3 komodo dragons (D:9)
  A troll (D:9)
  A wraith (D:9)
  3 wyverns
  A basilisk (D:9)
  9 yaks
  A small abomination (Abyss:2)
  Menkaure (D:5)
  2 acid dragons (D:9)
  A water moccasin (D:7)
  Duvessa (D:7)
  Pargi (D:4)
  4 orc warriors
  A sky beast (D:5)
  3 black bears
  2 ice beasts
  2 necrophages
  An ogre (D:5)
  4 centaurs
  A phantom (D:5)
  3 bullfrogs
  A gnoll sergeant (D:6)
  A wyvern zombie (D:5)
  6 scorpions
  A wyvern skeleton (D:4)
  Dowan (D:7)
  15 killer bees
  A howler monkey (D:7)
  4 wights (D:9)
  A bullfrog zombie (D:5)
  A jelly (D:6)
  4 centaur zombies
  3 hounds
  2 orc priests (D:9)
  Crazy Yiuf (D:7)
  A bullfrog skeleton (D:6)
  2 centaur skeletons (D:5)
  An iguana (D:5)
  9 orc wizards
  3 scorpion zombies (D:5)
  A killer bee zombie (D:6)
  A hound zombie (D:5)
  5 hound skeletons
  14 gnolls
  6 adders
  2 shadow imps
  2 white imps
  3 ufetubi
  An adder zombie (D:5)
  A worm (D:5)
  2 dart slugs (D:3)
  13 orcs
  7 endoplasms
  5 giant cockroaches
  10 goblins
  5 hobgoblins
  4 quokkas
  6 ball pythons (D:2)
  3 bats
  4 frilled lizards
  10 kobolds
  8 rats
222 creatures vanquished.

Vanquished Creatures (collateral kills)
  7 foxfires (D:5)
7 creatures vanquished.

Vanquished Creatures (others)
  841 foxfires
  2 plants (D:5)
843 creatures vanquished.

Grand Total: 1072 creatures vanquished

Notes
Turn   | Place    | Note
-------+----------+-------------------------------------------
     0 | D:1      | funkygono the Gargoyle Fire Elementalist began the quest
                  | for the Orb.
     0 | D:1      | Reached XP level 1. HP: 10/10 MP: 3/3
   308 | D:1      | Found a faded altar of an unknown god.
   386 | D:1      | Reached XP level 2. HP: 15/15 MP: 0/5
  1199 | D:2      | Reached XP level 3. HP: 19/19 MP: 4/6
  1202 | D:2      | Learned a level 2 spell: Scorch
  1206 | D:2      | Learned a level 3 spell: Conjure Flame
  1433 | D:2      | Found Cuoled's General Store.
  2104 | D:3      | Reached XP level 4. HP: 24/24 MP: 5/7
  2313 | D:3      | Found Attimo Waff's Weapon Boutique.
  3121 | D:4      | Reached skill level 3 in Spellcasting
  3128 | D:4      | Reached XP level 5. HP: 28/28 MP: 3/9
  3133 | D:4      | Learned a level 4 spell: Flame Wave
  3652 | D:4      | Noticed Pargi
  3661 | D:4      | Killed Pargi
  3662 | D:4      | Reached XP level 6. HP: 32/32 MP: 2/11
  3780 | D:4      | Reached skill level 4 in Spellcasting
  4104 | D:4      | Reached skill level 5 in Fire Magic
  4369 | D:5      | Entered Level 5 of the Dungeon
  4496 | D:5      | Reached XP level 7. HP: 7/36 MP: 7/14
  4594 | D:5      | Reached skill level 5 in Spellcasting
  5024 | D:5      | Reached XP level 8. HP: 41/42 MP: 10/16
  5108 | D:5      | Reached skill level 1 in Maces & Flails
  5301 | D:5      | Reached skill level 6 in Spellcasting
  5662 | D:5      | Reached skill level 1 in Fighting
  5823 | D:5      | Reached XP level 9. HP: 12/47 MP: 4/19
  6212 | D:5      | Noticed Menkaure
  6225 | D:5      | Killed Menkaure
  6226 | D:5      | Reached skill level 7 in Spellcasting
  6453 | D:5      | Identified the +3 scale mail of Siysk {rF- rN+ Str+2 Int+3}
  6535 | D:5      | Learned a level 4 spell: Sticky Flame
  6578 | D:6      | Reached skill level 5 in Conjurations
  7213 | D:6      | Identified the +6 rapier "Blob" {spect, rC+ Int+3}
  7780 | D:7      | Reached skill level 8 in Spellcasting
  7912 | D:7      | Found a staircase to the Ecumenical Temple.
  8016 | Temple   | Entered the Ecumenical Temple
  8255 | Temple   | Became a worshipper of Vehumet
  8611 | D:7      | Noticed Joseph
  8624 | D:7      | Killed Joseph
  8625 | D:7      | Reached XP level 10. HP: 40/52 MP: 7/22
  8907 | D:7      | Noticed Dowan
  8912 | D:7      | Noticed Duvessa
  8913 | D:7      | Killed Dowan
  8918 | D:7      | Killed Duvessa
  8918 | D:7      | Noticed a six-headed hydra
  8946 | D:7      | Killed a six-headed hydra
  8947 | D:7      | Reached skill level 9 in Spellcasting
  9474 | D:7      | Found a runed translucent door.
  9475 | D:7      | Noticed Crazy Yiuf
  9481 | D:7      | Killed Crazy Yiuf
  9705 | D:7      | Found a glowing silver altar of Zin.
  9886 | D:8      | Noticed a gargoyle
  9894 | D:8      | Killed a gargoyle
 10303 | D:8      | Found Reett's Magic Scroll Shoppe.
 10351 | D:8      | Reached skill level 10 in Spellcasting
 10787 | D:8      | Found Joshrir's Armour Emporium.
 10868 | D:8      | Reached * piety under Vehumet
 10868 | D:8      | Offered knowledge of Freeze by Vehumet.
 11591 | D:9      | Reached skill level 10 in Fire Magic
 11591 | D:9      | Reached XP level 11. HP: 56/56 MP: 13/25
 12084 | D:9      | Found a staircase to the Lair.
 12368 | D:9      | Reached skill level 11 in Spellcasting
 12635 | D:9      | Noticed a two-headed ogre
 12643 | D:9      | Killed a two-headed ogre
 13062 | D:9      | Noticed Psyche
 13071 | D:9      | Killed Psyche
 13072 | D:9      | Reached skill level 1 in Armour
 13079 | D:9      | Reached ** piety under Vehumet
 13079 | D:9      | Offered knowledge of Shock by Vehumet.
 13395 | D:10     | Entered Level 10 of the Dungeon
 13419 | D:10     | Identified the +0 robe of Arhifet {Harm rN++ Will- Stlth+}
 13471 | D:10     | Noticed Erolcha
 13473 | D:10     | Cast into level 2 of the Abyss (Erolcha)
 13521 | Abyss:2  | Noticed a thrashing horror
 13635 | Abyss:2  | Killed from afar by a hellion

Illustrated notes

Levels and vault maps discovered:
D:1:      shiori_arrival_elements, layout_basic, serial_aquarium,
          aquarium_bridge_long_separate [aquarium_subvault_wall,
          aquarium_subvault_bridge, aquarium_subvault_wall,
          aquarium_subvault_wall, aquarium_subvault_window,
          aquarium_subvault_bridge], aquarium_window_1, aquarium_window_fake,
          aquarium_window_2, aquarium_view_2f, aquarium_balcony_3a,
          basic_ecumenical_altar
D:2:      layout_rooms, serial_shops, nicolae_diamond_shop
D:3:      layout_basic, serial_shops, shop, hangedman_decor_diamond_cutter
D:4:      layout_basic, uniq_pargi
D:5:      minmay_polygon_palace, layout_basic, nicolae_zen_rock_garden,
          uniq_menkaure
D:6:      layout_gridville
D:7:      layout_basic, mainiacjoe_overflow_alcove_4, temple_pool_b,
          uniq_joseph, uniq_duvessa, uniq_crazy_yiuf_cottage
D:8:      layout_basic, enter_bailey_5, serial_shops, shop_fountains,
          nicolae_stop_n_shop_2
D:9:      layout_loops_ring, erik_lair_dragon, chequers_mini_garden, uniq_psyche
D:10:     layout_basic, the_hattery, uniq_erolcha
Temple:   mainiacjoe_temple_starburst
Abyss:2:  base: D:9, evilmike_abyss_exit_mutagenic, base:
D:9

Skill      XL: |  1  2  3  4  5  6  7  8  9 10 11 |
---------------+----------------------------------+-----
Fire Magic     | 4 5 6 7 8 10 | 10.7
Spellcasting   | 3 4 5 6 8 10 11 | 11.3
Conjurations   | 2 3 4 6 7 8 |  8.2
Dodging        | 2 3 |  3.0
Maces & Flails | 1 |  1.1
Fighting       | 1 |  1.4
Armour         | 1 |  1.4
Stealth        | |  2.1

Action                   |  1- 3 |  4- 6 |  7- 9 | 10-12 || total
-------------------------+-------+-------+-------+-------++-------
Melee: Unarmed           |     3 |       |       |       ||     3
       Club              |     9 |       |       |       ||     9
       Whip              |       |     1 |    12 |    21 ||    34
       Punch             |       |       |       |     1 ||     1
 Cast: Foxfire           |    73 |    72 |   186 |   164 ||   495
       Scorch            |       |    10 |    41 |    35 ||    86
       Sticky Flame      |       |       |     4 |    26 ||    30
       Flame Wave        |       |       |     2 |    10 ||    12
       Conjure Flame     |       |       |       |     1 ||     1
  Use: Scroll            |       |     7 |     3 |     7 ||    17
       Potion            |       |       |     3 |       ||     3
Armor: Robe              |     6 |     9 |    53 |    37 ||   105
       Acid dragon scale |       |       |       |    61 ||    61
Dodge: Dodged            |    27 |    18 |    86 |   128 ||   259
